 Dungeon Crawl Stone Soup version 0.31-a0-96-g196d5507e3 (webtiles) character file.

Game seed: 4371819341107510760

261706 spirit192 the Slayer (level 19, -11/173 HPs)
             Began as a Minotaur Fighter on May 26, 2023.
             Was the Champion of Okawaru.
             Mangled by a flayed ghost (19 damage)
             ... on level 4 of the Abyss.
             The game lasted 02:10:53 (26970 turns).

spirit192 the Slayer (Minotaur Fighter)            Turns: 26970, Time: 02:10:54

Health: -11/173    AC: 25    Str: 42    XL:     19   Next: 20%
Magic:  27/28      EV: 14    Int:  1    God:    Okawaru [******]
Gold:   3828       SH: 22    Dex: 17    Spells: 18/18 levels left

rFire   + . .        u - +10 war axe of the Stoat {flame, rPois rF+}
rCold   . . .        K - +5 kite shield of Kirch {rN+ Str+3}
rNeg    + . .        f - +9 ring mail of the New World {Regen+ Slay+2}
rPois   +            (helmet unavailable)
rElec   .            s - +0 cloak "Ehuckosiz" {Str+5 Dex+3}
rCorr   .            U - +0 pair of fencer's gloves {Riposte Dex+3}
SInv    +            o - +0 pair of boots {rampage}
Will    +....        H - amulet of regeneration
Stlth   ++           R - +6 ring of strength
HPRegen 2.08/turn    h - ring of see invisible
MPRegen 0.21/turn

%: random rage (9%), rampage
@: heroic, finesse-ful, flayed, hasted, unable to drink, very quick
A: horns 3, retaliatory headbutt, mutation resistance 1, robust 1, MP-powered
wands, [berserk 2], [dopey 2], [frail 2], [inability to drink after injury 2]
}: 2/15 runes: decaying, gossamer
a: Renounce Religion, Heroism, Finesse, Duel


You were on level 4 of the Abyss.
You worshipped Okawaru.
Okawaru was exalted by your worship.
You visited 7 branches of the dungeon, and saw 31 of its levels.
You visited the Abyss 3 times.
You also visited: Ice Cave.

You collected 4105 gold pieces.
You spent 277 gold pieces at shops.

Inventory:

Hand Weapons
 u - the +10 war axe of the Stoat (weapon) {flame, rPois rF+}
   (Okawaru gifted it to you on level 2 of the Elven Halls)

   rF:        It protects you from fire.
   rPois:     It protects you from poison.
 Q - a +9 broad axe of flaming
Armour
 f - the +9 ring mail of the New World (worn) {Regen+ Slay+2}
   (Okawaru gifted it to you on level 5 of the Lair of Beasts)

   Slay:      It affects your accuracy & damage with ranged weapons and melee
   (+2).
   Regen:     It increases your rate of health regeneration.
 o - a +0 pair of boots of rampaging (worn)
 q - the +1 pair of gloves of the Chupacabra {Fly Dex+2}
   (You found it on level 2 of the Spider Nest)

   Dex:       It affects your dexterity (+2).
   Fly:       It grants you flight.
 s - the +0 cloak "Ehuckosiz" (worn) {Str+5 Dex+3}
   (You found it on level 5 of the Lair of Beasts)

   Str:       It affects your strength (+5).
   Dex:       It affects your dexterity (+3).
 K - the +5 kite shield of Kirch (worn) {rN+ Str+3}
   (Okawaru gifted it to you on level 4 of the Spider Nest)

   Str:       It affects your strength (+3).
   rN:        It protects you from negative energy.
 U - the +0 pair of fencer's gloves (worn) {Riposte Dex+3}
   (Okawaru gifted it to you on level 2 of the Swamp)

   Riposte:   It allows the wearer to riposte with melee weapons, swiftly
   retaliating against missed or blocked melee attacks.
   Dex:       It affects your dexterity (+3).
 Y - the +3 buckler "Biafeh" {rPois}
   (Okawaru gifted it to you on level 4 of the Lair of Beasts)

   rPois:     It protects you from poison.
Jewellery
 h - a ring of see invisible (right hand)
 j - a ring of protection from fire
 p - a ring of positive energy
 A - a ring of protection from cold
 E - a ring of resist corrosion
 H - an amulet of regeneration (around neck)
 N - a ring of willpower
 O - the ring of the Tortoise {AC+8}
   (You found it on level 2 of the Lair of Beasts)

   [ring of protection]

   AC:        It affects your AC (+8).
 P - a ring of positive energy
 R - a +6 ring of strength (left hand)
Wands
 a - a wand of iceblast (5)
 b - a wand of mindburst (33)
 r - a wand of paralysis (43)
 X - a wand of polymorph (13)
Scrolls
 i - 6 scrolls of teleportation
 m - 3 scrolls of enchant weapon
 n - 5 scrolls of fear
 v - a scroll of enchant armour
 y - 2 scrolls of torment
 D - 9 scrolls of blinking
 I - 5 scrolls of fog
 M - 6 scrolls of magic mapping
 T - 4 scrolls of immolation
 W - 4 scrolls of poison
Potions
 c - 4 potions of lignification
 d - 4 potions of might
 e - 3 potions of haste
 g - 6 potions of enlightenment
 k - 3 potions of mutation
 w - 3 potions of invisibility
 x - 3 potions of berserk rage
 z - 2 potions of cancellation
 B - 4 potions of attraction
 C - 4 potions of curing
 F - a potion of magic
 G - 10 potions of ambrosia
 L - 4 potions of resistance
 Z - 2 potions of brilliance
Miscellaneous
 l - a phial of floods
 t - a tin of tremorstones (2/2)
 J - a phantom mirror


   Skills:
 * Level 22.8(27) Fighting
 - Level 18.0(23.0) Axes
 - Level 4.0(9.0) Throwing
 + Level 18.7(23.7) Armour
 + Level 18.2(23.2) Shields
 + Level 14.6 Invocations


You had 18 spell levels left.
You didn't know any spells.
Your spell library contained the following spells:

 Spells                   Type           Power      Damage    Failure   Level
 Apportation              Tloc           0%         N/A       63%         1
 Magic Dart               Conj           0%         1d3       63%         1
 Necrotise                Necr           0%         1d4       63%         1
 Shock                    Conj/Air       0%         1d3       63%         1
 Poisonous Vapours        Pois/Air       0%         N/A       77%         2
 Dazzling Flash           Conj/Hex       0%         N/A       94%         3
 Frozen Ramparts          Ice            0%         1d1       94%         3
 Inner Flame              Hex/Fire       0%         N/A       94%         3
 Mephitic Cloud           Conj/Pois/Air  0%         N/A       94%         3
 Volatile Blastmotes      Fire/Tloc      0%         2d10      94%         3
 Flame Wave               Conj/Fire      0%         2d4       100%        4
 Fulminant Prism          Conj/Hex       0%         3d5       100%        4
 Ice Form                 Ice/Tmut       0%         N/A       100%        4
 Iskenderun's Mystic Bla  Conj/Tloc      0%         2d3       100%        4
 Passage of Golubria      Tloc           0%         N/A       100%        4
 Sticky Flame             Conj/Fire      0%         2d3       100%        4
 Arcjolt                  Conj/Air       0%         1d10      100%        5
 Blade Hands              Tmut           0%         N/A       100%        5
 Freezing Cloud           Conj/Ice/Air   0%         6-21      100%        5
 Lee's Rapid Deconstruct  Erth           0%         3d4*      100%        5
 Silence                  Hex/Air        0%         N/A       100%        5
 Eringya's Noxious Bog    Tmut/Pois      0%         N/A       100%        6
 Starburst                Conj/Fire      0%         6d3       100%        6
 Lehudib's Crystal Spear  Conj/Erth      0%         10d2      100%        8
 Fire Storm               Conj/Fire      0%         5d1       100%        9
 Summon Small Mammal      Summ           Unusable   N/A       N/A         1
 Animate Armour           Summ/Erth      Unusable   N/A       N/A         4
 Summon Ice Beast         Ice/Summ       Unusable   N/A       N/A         4
 Summon Lightning Spire   Summ/Air       Unusable   N/A       N/A         4
 Summon Forest            Summ/Tloc      Unusable   N/A       N/A         5
 Summon Hydra             Summ           Unusable   N/A       N/A         7

Dungeon Overview and Level Annotations

Branches:
Dungeon (12/15)            Temple (1/1) D:5            Lair (5/5) D:8
  Swamp (4/4) Lair:2       Spider (4/4) Lair:2        Slime (0/5) Lair:4
    Orc (2/2) D:12            Elf (3/3) Orc:2         IceCv (visited)

Altars:
Ashenzari
Cheibriados
Dithmenos
Elyvilon
Fedhas
Gozag
Hepliaklqana
Kikubaaqudgha
Makhleb
Nemelex Xobeh
Okawaru
Qazlal
Ru
Sif Muna
Trog
Uskayaw
Vehumet
Wu Jian
Xom
Zin
The Shining One
Jiyva

Shops:
D:1 !?   Orc:2 [(:***   Elf:1 [=

Annotations:
D:5 1 runed translucent door


Innate Abilities, Weirdness & Mutations

You have a pair of large horns on your head.
You reflexively headbutt those who attack you in melee.
You are somewhat resistant to further mutation.
You are robust. (+10% HP)
You expend magic power (3 MP) to strengthen your wands.
[You have an uncontrollable temper.]
[You are very dopey. (Int -4)]
[You are very frail. (-20% HP)]
[You sometimes lose the ability to drink potions when taking damage.]


Message History

You destroy the wretched star!
Okawaru accepts your kill.
You slash the wretched star! You burn the wretched star.
The wretched star is lightly damaged.
You carve the wretched star like a ham!!!
You burn the wretched star! You headbutt the wretched star.
The wretched star is almost destroyed.
You slice the wretched star!! You burn the wretched star.
You destroy the wretched star!
Okawaru accepts your kill. A chorus of shrieks assaults your mind.
* * * LOW HITPOINT WARNING * * *
A starcursed mass splits.
You cut the starcursed mass into ribbons!!!
You burn the starcursed mass!! You headbutt the starcursed mass.
The starcursed mass is almost destroyed.
The starcursed mass shudders and withdraws towards its neighbour. x2
The flayed ghost cries, "Feel what I felt!"
Terrible wounds open up all over your body!
* * * LOW HITPOINT WARNING * * *
You slice the starcursed mass!! You burn the starcursed mass.
You destroy the starcursed mass!
Okawaru accepts your kill. Okawaru grants you throwing weapons!
Something appears at your feet!
A starcursed mass splits. x2
A deafening chorus of shrieks assaults your mind!
You feel threatened and lose the ability to drink potions!
* * * LOW HITPOINT WARNING * * *
You suddenly lose the ability to move!
A starcursed mass splits.
A deafening chorus of shrieks assaults your mind!
* * * LOW HITPOINT WARNING * * *
You can move again.
You block the flayed ghost's attack.
You completely miss the flayed ghost. You headbutt the flayed ghost.
The flayed ghost is lightly damaged.
You slash the flayed ghost! You burn the flayed ghost.
The flayed ghost is heavily damaged.
The flayed ghost hits you!!
You die...

## ..# .#.. .#
....# . ####X..##
.. * #.##.##.@W.##
#. #. #......(##.#
. # .#
##..##.#..##. . ..
# ##.. #X..>##
###... .
....X>...... ....
.# . . .
....X....... ... #
.
##XX##..##..##..##
. #..##..# ..## .#
. ......... ....
..


You could see 5 starcursed masses and a flayed ghost.

Vanquished Creatures
  An ancient lich (Abyss:4)
  Mara (Swamp:3)
  A profane servitor (Abyss:4)
  2 bone dragons
  Rupert (D:12)
  A deep elf blademaster (Elf:2)
  3 tentacled starspawn
  Frances (Swamp:2)
  Kirke (Lair:4)
  Donald (Elf:3)
  4 deep elf sorcerers (Elf:3)
  A ghost moth (Spider:3)
  An orc warlord (Orc:2)
  A deep elf elementalist (Elf:3)
  Aizul (Swamp:3)
  2 emperor scorpions (Spider:4)
  4 ghouls (Swamp:4)
  A very ugly thing (Abyss:3)
  6 broodmothers
  6 eleionomae
  3 deep elf annihilators
  A white draconian (IceCv)
  5 bunyips
  A spark wasp (Spider:4)
  Snorg (D:12)
  The ghost of Etreokin the Covert, a journeyman KoEn of Dithmenos (Lair:4)
  A deep elf death mage (Elf:3)
  3 fire dragons (Swamp:4)
  A shambling mangrove (Swamp:3)
  6 entropy weavers
  A quicksilver dragon skeleton (Abyss:4)
  4 radroaches
  10 hydras
  A boulder beetle (Spider:3)
  A jorogumo (Spider:4)
  31 dancing weapons
  9 alligators
  A spriggan berserker (Swamp:3)
  A vampire mage (Abyss:4)
  3 orc high priests (Orc:2)
  6 death yaks (Lair:5)
  5 wretched stars
  Nergalle (D:10)
  A shadow wraith (Abyss:4)
  A fire crab (Swamp:4)
  2 sun moths
  14 deep elf knights
  7 hell knights (Abyss:4)
  6 pharaoh ants
  A skyshark (Lair:5)
  A sixfirhy (Abyss:3)
  6 goliath frogs
  2 death drakes
  A deep troll (Lair:2)
  15 swamp dragons
  16 orb spiders
  6 bog bodies
  6 spriggan druids
  2 lindwurms (Swamp:4)
  10 deep elf pyromancers
  2 steelbarb worms (Spider:3)
  16 starcursed masses (Abyss:4)
  20 deep elf zephyrmancers
  A necromancer (Abyss:4)
  2 orc knights (Orc:2)
  3 ugly things (D:12)
  6 orc sorcerers
  13 wolf spiders
  7 deep elf archers
  2 worldbinders (Abyss:4)
  7 will-o-the-wisps
  5 manticores
  A moth of wrath (shapeshifter) (Elf:2)
  3 cyclopes
  The ghost of twist the Changer, a novice OpTm (D:5)
  6 moths of wrath
  12 elephants
  10 black mambas
  7 demonic crawlers
  Joseph (D:10)
  A guardian serpent (Lair:5)
  3 torpor snails (Spider:4)
  2 apocalypse crabs (Abyss:4)
  2 ice statues (IceCv)
  3 gargoyles
  2 smoke demons
  2 unseen horrors
  11 cane toads
  2 kobold demonologists
  7 large abominations (Abyss:4)
  8 rime drakes
  11 komodo dragons
  5 trolls
  9 hornets
  10 polar bears
  6 meliai
  2 ancient zymes (Abyss:4)
  A queen bee (Spider:1)
  6 tyrant leeches
  4 blink frogs (Lair:3)
  14 raiju
  Prince Ribbit (D:7)
  25 tarantellas
  24 jumping spiders
  15 dream sheep
  18 culicivoras
  2 air elementals (Elf:2)
  3 slime creatures (Lair:4)
  A ynoxinul (Abyss:4)
  2 shadows (D:12)
  9 spriggans
  7 water elementals
  3 vampires
  4 fire bats (Lair:1)
  A wraith (D:12)
  52 yaks
  3 basilisks
  A human (Lair:4)
  12 wyverns
  7 steam dragons
  6 hogs (Lair:4)
  2 vampire mosquitoes (Swamp:3)
  4 fire elementals
  56 redbacks
  A redback (shapeshifter) (Elf:2)
  2 acid dragons
  7 wargs
  20 swamp worms
  13 hell hounds (Lair:5)
  19 water moccasins
  5 small abominations
  13 swamp drakes
  An ice beast (D:7)
  23 orc warriors
  2 sky beasts
  11 ogres
  16 black bears
  21 wolves
  5 centaurs
  A kobold brigand (D:7)
  A phantom (D:6)
  9 bullfrogs
  2 gnoll sergeants
  A necrophage (Swamp:4)
  2 earth elementals
  5 wights (D:8)
  23 killer bees (Spider:1)
  7 howler monkeys
  6 lindwurm simulacra (IceCv)
  11 electric eels
  4 jellies
  2 gnoll boudas
  7 komodo dragon simulacra (IceCv)
  A sleepcap (D:7)
  13 orc priests
  Jessica (D:2)
  8 iguanas
  17 orc wizards
  15 gnolls
  3 acid dragon simulacra (IceCv)
  3 adders
  2 shadow imps
  A white imp (D:6)
  An ufetubus (Abyss:4)
  5 steam dragon simulacra (IceCv)
  2 worms
  A dart slug (D:5)
  58 orcs
  4 endoplasms (D:1)
  3 giant cockroaches
  2 goblins
  5 hobgoblins
  6 quokkas
  4 ball pythons
  2 bats
  4 frilled lizards
  10 kobolds
  A rat (D:1)
  A fire vortex (Lair:1)
  4 starspawn tentacles (Abyss:4)
1145 creatures vanquished.

Vanquished Creatures (others)
  A wolf spider (Spider:4)
  2 bloated husks
  A tarantella (Spider:4)
  A ynoxinul (Abyss:4)
  2 redbacks (Spider:4)
  A swamp worm (Swamp:4)
  A fire vortex (Swamp:4)
  22 foxfires
  5 starspawn tentacles
36 creatures vanquished.

Grand Total: 1181 creatures vanquished

Notes
Turn   | Place    | Note
-------+----------+-------------------------------------------
     0 | D:1      | spirit192 the Minotaur Fighter began the quest for the Orb.
     0 | D:1      | Reached XP level 1. HP: 19/19 MP: 0/0
   124 | D:1      | Found Nodwuso's Magic Scroll Shoppe.
   319 | D:1      | Found Quibum's Distillery.
   630 | D:1      | Reached XP level 2. HP: 27/27 MP: 1/1
   970 | D:2      | Noticed Jessica
   974 | D:2      | Killed Jessica
   975 | D:2      | Reached skill level 4 in Fighting
   975 | D:2      | Reached XP level 3. HP: 25/33 MP: 2/2
  1480 | D:3      | Reached XP level 4. HP: 38/41 MP: 3/3
  1702 | D:3      | HP: 1/41 [poisoned by an orc wizard]
  1703 | D:3      | Gained mutation: You have a pair of large horns on your
                  | head. [potion of mutation]
  1703 | D:3      | Gained mutation: You expend magic power (3 MP) to
                  | strengthen your wands. [potion of mutation]
  1703 | D:3      | Gained mutation: You are robust. (+10% HP) [potion of
                  | mutation]
  1703 | D:3      | Gained mutation: You are somewhat resistant to further
                  | mutation. [potion of mutation]
  1727 | D:3      | Reached XP level 5. HP: 9/51 MP: 4/4
  2118 | D:3      | Found a snail-covered altar of Cheibriados.
  2118 | D:3      | Found an ornate altar of the Wu Jian Council.
  2244 | D:3      | Reached skill level 5 in Fighting
  2244 | D:3      | Reached skill level 5 in Armour
  2244 | D:3      | Reached skill level 5 in Shields
  2585 | D:4      | Reached XP level 6. HP: 56/61 MP: 5/5
  2895 | D:4      | Reached skill level 5 in Axes
  3242 | D:5      | Entered Level 5 of the Dungeon
  3258 | D:5      | Reached XP level 7. HP: 25/67 MP: 6/6
  3432 | D:5      | Found a staircase to the Ecumenical Temple.
  3440 | Temple   | Entered the Ecumenical Temple
  3528 | Temple   | Became a worshipper of Warmaster Okawaru
  3767 | D:5      | Found a runed translucent door.
  4102 | D:5      | Found a runed translucent door.
  4106 | D:5      | Noticed twist's ghost (novice OpTm)
  4119 | D:5      | Killed twist's ghost
  4119 | D:5      | Reached * piety under Okawaru
  4120 | D:5      | Reached XP level 8. HP: 66/77 MP: 7/7
  4554 | D:6      | Reached skill level 6 in Fighting
  4862 | D:6      | Reached ** piety under Okawaru
  5189 | D:7      | Noticed Prince Ribbit
  5198 | D:7      | Killed Prince Ribbit
  5272 | D:7      | Reached skill level 7 in Fighting
  5288 | D:7      | Reached *** piety under Okawaru
  5289 | D:7      | Reached XP level 9. HP: 58/86 MP: 8/8
  5769 | D:7      | Found a white marble altar of Elyvilon.
  5803 | D:7      | Found a broken altar of Ashenzari.
  6584 | D:8      | Reached skill level 1 in Invocations
  6591 | D:8      | Reached skill level 10 in Axes
  6600 | D:8      | Reached skill level 8 in Fighting
  6603 | D:8      | Reached **** piety under Okawaru
  6629 | D:8      | Reached XP level 10. HP: 34/96 MP: 10/10
  7209 | D:8      | Found a sparkling altar of Nemelex Xobeh.
  7293 | D:8      | Found a staircase to the Lair.
  7855 | Lair:1   | Entered Level 1 of the Lair of Beasts
  8138 | Lair:1   | Reached ***** piety under Okawaru
  8384 | Lair:1   | Received a gift from Okawaru
  9198 | Lair:2   | Found the ring of the Tortoise {AC+8}
  9446 | Lair:2   | Noticed a bog body
  9448 | Lair:2   | Found a staircase to the Swamp.
  9458 | Lair:2   | Killed a bog body
  9492 | Lair:2   | Reached XP level 11. HP: 94/103 MP: 11/11
  9531 | Lair:2   | Reached skill level 15 in Axes
 10046 | Lair:2   | Found a hole to the Spider Nest.
 10180 | Lair:2   | Received a gift from Okawaru
 10396 | Lair:2   | Noticed a deep troll
 10403 | Lair:2   | Killed a deep troll
 10403 | Lair:2   | Received a gift from Okawaru
 10404 | Lair:2   | Reached skill level 9 in Fighting
 10614 | Lair:3   | Reached skill level 10 in Armour
 10614 | Lair:3   | Reached skill level 5 in Invocations
 10669 | Lair:3   | Reached XP level 12. HP: 103/116 MP: 14/14
 10715 | Lair:3   | Reached skill level 10 in Fighting
 10726 | Lair:3   | Reached ****** piety under Okawaru
 11123 | Lair:4   | Received a gift from Okawaru
 11128 | Lair:4   | Reached skill level 1 in Throwing
 11256 | Lair:4   | Received a gift from Okawaru
 11464 | Lair:4   | Identified the +3 buckler "Biafeh" {rPois} (Okawaru gifted
                  | it to you on level 4 of the Lair of Beasts)
 11464 | Lair:4   | Received a gift from Okawaru
 11467 | Lair:4   | Reached skill level 11 in Fighting
 11611 | Lair:4   | Identified the +1 scale mail of Distant Shores {rPois
                  | Slay-4 Stlth+}
 11641 | Lair:4   | Noticed Kirke
 11652 | Lair:4   | Killed Kirke
 11693 | Lair:4   | Reached skill level 10 in Shields
 11724 | Lair:4   | Reached skill level 12 in Fighting
 11758 | Lair:4   | Found a runed translucent door.
 11762 | Lair:4   | Noticed Etreokin's ghost (journeyman KoEn)
 11968 | Lair:4   | Found a staircase to the Slime Pits.
 11969 | Lair:4   | Found a viscous altar of Jiyva.
 12182 | Lair:4   | Killed Etreokin's ghost
 12245 | Lair:5   | Entered Level 5 of the Lair of Beasts
 12361 | Lair:5   | Reached XP level 13. HP: 129/129 MP: 17/17
 12371 | Lair:5   | Received a gift from Okawaru
 12738 | Lair:5   | Identified the +9 ring mail of the New World {Regen+
                  | Slay+2} (Okawaru gifted it to you on level 5 of the Lair of
                  | Beasts)
 12738 | Lair:5   | Received a gift from Okawaru
 12775 | Lair:5   | Identified the +8 rapier "Widox" {freeze, +Blink Int+3}
 13068 | Lair:5   | Identified the +0 cloak "Ehuckosiz" {Str+5 Dex+3}
 13107 | Lair:5   | Identified the +1 robe of Devotion {Harm rElec Regen+
                  | Int-3}
 13135 | Lair:5   | Reached XP level 14. HP: 127/139 MP: 19/19
 13199 | Lair:5   | Identified the +0 chain mail of Syeroohy {rC- Regen+ rCorr
                  | Slay+6} (Okawaru gifted it to you on level 5 of the Lair of
                  | Beasts)
 13199 | Lair:5   | Received a gift from Okawaru
 13273 | Lair:5   | Reached skill level 13 in Fighting
 13585 | Swamp:1  | Entered Level 1 of the Swamp
 14267 | Swamp:2  | Noticed Frances
 14278 | Swamp:2  | Killed Frances
 14388 | Swamp:2  | Reached skill level 14 in Fighting
 14766 | Swamp:2  | Received a gift from Okawaru
 14766 | Swamp:2  | Found the +0 pair of fencer's gloves {Riposte Dex+3}
 15128 | Swamp:3  | Noticed Aizul
 15147 | Swamp:3  | Killed Aizul
 15270 | Swamp:3  | Reached skill level 15 in Fighting
 15349 | Swamp:3  | Reached XP level 15. HP: 155/155 MP: 21/21
 15481 | Swamp:3  | Reached skill level 10 in Invocations
 15483 | Swamp:3  | Received a gift from Okawaru
 15507 | Swamp:3  | Identified the +1 leather armour of Fenwih {Fly Str+2
                  | Int+2}
 15548 | Swamp:3  | Noticed Mara
 15553 | Swamp:3  | Noticed spirit192's illusion
 15571 | Swamp:3  | Killed Mara
 15795 | Swamp:4  | Entered Level 4 of the Swamp
 15810 | Swamp:4  | Identified the +0 chain mail of Imoat {Harm SInv} (Okawaru
                  | gifted it to you on level 4 of the Swamp)
 15810 | Swamp:4  | Received a gift from Okawaru
 15811 | Swamp:4  | Reached skill level 16 in Fighting
 16587 | Swamp:4  | Reached skill level 15 in Armour
 16597 | Swamp:4  | Identified the +2 leather armour "Jaul" {-Tele rPois Int-3
                  | Stlth+}
 16631 | Swamp:4  | Reached skill level 17 in Fighting
 16691 | Swamp:4  | Received a gift from Okawaru
 16744 | Swamp:4  | Received a gift from Okawaru
 17011 | Swamp:4  | Got a decaying rune of Zot
 17200 | Spider:1 | Entered Level 1 of the Spider Nest
 17284 | Spider:1 | Reached XP level 16. HP: 170/170 MP: 23/23
 17936 | Spider:2 | Identified the +6 rapier of Floods {drain, rPois rC- Int+4}
                  | (Okawaru gifted it to you on level 2 of the Spider Nest)
 17936 | Spider:2 | Received a gift from Okawaru
 18202 | Spider:2 | Reached skill level 18 in Fighting
 18298 | Spider:2 | Identified the +1 pair of gloves of the Chupacabra {Fly
                  | Dex+2}
 18633 | Spider:3 | Reached skill level 15 in Shields
 19150 | Spider:3 | Received a gift from Okawaru
 19150 | Spider:3 | Found the +8 frozen axe "Frostbite" {freeze, freezing
                  | cloud, *Noise Fly rC+}
 19491 | Spider:4 | Entered Level 4 of the Spider Nest
 19694 | Spider:4 | Reached skill level 19 in Fighting
 20034 | Spider:4 | Reached XP level 17. HP: 176/184 MP: 25/25
 20038 | Spider:4 | Received a gift from Okawaru
 20117 | Spider:4 | Identified the +5 kite shield of Kirch {rN+ Str+3} (Okawaru
                  | gifted it to you on level 4 of the Spider Nest)
 20117 | Spider:4 | Received a gift from Okawaru
 20194 | Spider:4 | Got a gossamer rune of Zot
 21351 | D:10     | Entered Level 10 of the Dungeon
 21356 | D:10     | Found a burning altar of Makhleb.
 21471 | D:10     | Noticed Nergalle
 21475 | D:10     | Killed Nergalle
 21662 | D:10     | Noticed Joseph
 21670 | D:10     | Killed Joseph
 22111 | D:11     | Found a frozen archway.
 22120 | IceCv    | Entered an ice cave
 22308 | IceCv    | Reached skill level 20 in Fighting
 22452 | IceCv    | Identified a scroll of acquirement
 22779 | D:12     | Noticed Rupert
 22782 | D:12     | Noticed Snorg
 22795 | D:12     | Killed Rupert
 22797 | D:12     | Killed Snorg
 22864 | D:12     | Found a transporter.
 22911 | D:12     | Found a transporter.
 23075 | D:12     | Found a staircase to the Orcish Mines.
 23194 | D:12     | Acquired 741 gold pieces
 23359 | Orc:1    | Entered Level 1 of the Orcish Mines
 23417 | Orc:1    | Found a radiant altar of Vehumet.
 23833 | Orc:2    | Entered Level 2 of the Orcish Mines
 23835 | Orc:2    | Found Lolingiag's Antique Weapon Emporium.
 23869 | Orc:2    | Found Iwocre's Antique Armour Boutique.
 23907 | Orc:2    | Bought a pair of embroidered boots for 277 gold pieces
 23967 | Orc:2    | Received a gift from Okawaru
 24039 | Orc:2    | Found Axuywyenn's Book Shoppe.
 24114 | Orc:2    | Found Lemocor's General Store.
 24156 | Orc:2    | Found a staircase to the Elven Halls.
 24414 | Orc:2    | Found Maolelih's General Store.
 24417 | Orc:2    | Found Tefak's Specific Store.
 24479 | Elf:1    | Entered Level 1 of the Elven Halls
 24650 | Elf:1    | Found Rotaedgh's Armour Shoppe.
 24753 | Elf:1    | Got Sif Muna's Omnibus of Wounds
 24904 | Elf:1    | Found Housmasohox's Jewellery Emporium.
 24961 | Elf:1    | Reached XP level 18. HP: 198/198 MP: 27/27
 25129 | Elf:2    | Paralysed by an air elemental for 1 turns
 25134 | Elf:2    | Reached skill level 21 in Fighting
 25265 | Elf:2    | Identified the +10 war axe of the Stoat {flame, rPois rF+}
                  | (Okawaru gifted it to you on level 2 of the Elven Halls)
 25265 | Elf:2    | Received a gift from Okawaru
 25596 | Elf:2    | Found a runed translucent gate.
 25597 | Elf:2    | Found a runed translucent gate.
 25597 | Elf:2    | Found a runed translucent gate.
 25656 | Elf:2    | Identified the +9 hand crossbow "Kiypn" {penet, rF++ Int+4}
                  | (Okawaru gifted it to you on level 2 of the Elven Halls)
 25656 | Elf:2    | Received a gift from Okawaru
 26204 | Elf:3    | Entered Level 3 of the Elven Halls
 26246 | Elf:3    | Noticed Donald
 26252 | Elf:3    | Killed Donald
 26254 | Abyss:3  | Cast into level 3 of the Abyss (a deep elf sorcerer)
 26276 | Abyss:3  | Found a corrupted altar of Lugonu.
 26328 | Abyss:3  | Found a corrupted altar of Lugonu.
 26341 | Abyss:3  | Received a gift from Okawaru
 26357 | Abyss:3  | Paralysed by accursed screaming for 1 turns
 26360 | Abyss:3  | Paralysed by accursed screaming for 1 turns
 26363 | Elf:3    | Escaped the Abyss
 26368 | Elf:3    | Reached skill level 22 in Fighting
 26390 | Abyss:3  | Cast into level 3 of the Abyss (a deep elf sorcerer)
 26425 | Abyss:3  | Noticed a bone dragon
 26432 | Abyss:3  | Killed a bone dragon
 26514 | Elf:3    | Escaped the Abyss
 26545 | Abyss:4  | Cast into level 4 of the Abyss (a deep elf sorcerer)
 26655 | Abyss:4  | Noticed a profane servitor
 26674 | Abyss:4  | Killed a profane servitor
 26727 | Abyss:4  | Found a corrupted altar of Lugonu.
 26732 | Abyss:4  | Noticed an ancient lich
 26756 | Abyss:4  | Killed an ancient lich
 26757 | Abyss:4  | Reached XP level 19. HP: 45/212 MP: 28/28
 26761 | Abyss:4  | Paralysed by accursed screaming for 2 turns
 26767 | Abyss:4  | HP: 5/212 [large abomination (24)]
 26772 | Abyss:4  | HP: 3/212 [starcursed mass/accursed screaming (11)]
 26778 | Abyss:4  | Found a corrupted altar of Lugonu.
 26779 | Abyss:4  | HP: 2/212 [starcursed mass/accursed screaming (7)]
 26882 | Abyss:4  | Found a corrupted altar of Lugonu.
 26887 | Abyss:4  | Received a gift from Okawaru
 26887 | Abyss:4  | Noticed a bone dragon
 26912 | Abyss:4  | HP: 3/212 [bone dragon (9)]
 26916 | Abyss:4  | Killed a bone dragon
 26966 | Abyss:4  | Received a gift from Okawaru
 26966 | Abyss:4  | Paralysed by accursed screaming for 1 turns
 26967 | Abyss:4  | HP: 5/173 [starcursed mass/accursed screaming (9)]
 26970 | Abyss:4  | Mangled by a flayed ghost

Illustrated notes

Levels and vault maps discovered:
D:1:      grunt_arrival_crossed_arrows, layout_basic, serial_shops, shop, shop
D:2:      layout_loops_ring, uniq_jessica
D:3:      cheibrodos_pilgrimage, layout_loops_ring,
          gammafunk_temple_overflow_pools
D:4:      layout_basic, minmay_misc_feat_five
D:5:      layout_loops_corners, minmay_temple_entry_slanted,
          ebering_ghost_sewer_f
D:6:      layout_basic, st_stairs_5, eino_small_chamber_without_monster,
          due_unseen_surprise
D:7:      layout_loops_cross, nicolae_ashenzari_panopticon, old_standard_altar,
          uniq_prince_ribbit1
D:8:      layout_rooms, nemelex_diamond_rough_becter, lair_entry_dummy
D:9:      layout_long_grid
D:10:     layout_rooms, bloody_makhleb, kennysheep_generic_room_14, uniq_joseph,
          uniq_nergalle
D:11:     layout_big_octagon, portal_ice_cave_entry_pillars_2,
          hangedman_decor_diamond_cutter
D:12:     gammafunk_worm_tunnel, layout_rooms, orc_0_dummy, uniq_rupert,
          uniq_snorg
Temple:   nicolae_temple_elliptical
Lair:1:   layout_gridlike, nicolae_quartered_pool_little,
          infiniplex_staircase_pool_2
Lair:2:   dreamdust_cave_troll, layout_cave_pods, skrybe_swamp_entry_bodies,
          spider_nest_entry_funnel_web, beast_lair_carwin_8
Lair:3:   layout_big_grid, chequers_serial_rivers_small_3
Lair:4:   layout_cave_pods, minmay_slime_entry_pillars,
          ebering_ghost_reflecting_pool, guppyfry_lair_drakes,
          grunt_megastairs_3, lemuel_fruit_tree, uniq_kirke
Lair:5:   hangedman_lair_caniforms_friends, layout_gridlike,
          hangedman_lair_tendril_chambers
Swamp:1:  nicolae_swamp_tree_isthmus, layout_falls_marsh,
          evilmike_swamp_ruin_house_4, swamp_pool5
Swamp:2:  layout_basic_swamp, hangedman_swamp_ruin_wall, swamp_pool4,
          infiniplex_staircase_pool, uniq_frances
Swamp:3:  layout_basic_swamp, evilmike_swamp_ruin_house_1, uniq_mara, uniq_aizul
Swamp:4:  swamp_fiery, layout_basic_swamp, swamp_pool1
Spider:1: layout_spider_delve, special_room [special_room_bee]
Spider:2: layout_spider_delve, hellmonk_motheaten_closet
Spider:3: layout_cave_pods
Spider:4: hellmonk_spider_rune_endless_swarm, nicolae_spider_shape
Orc:1:    layout_caves, basic_altar
Orc:2:    grunt_orc_gardens, layout_caves, grunt_orc_garden, grunt_orc_garden,
          grunt_orc_garden, grunt_orc_garden, nicolae_specific_store,
          nicolae_orc_lost_temple
Elf:1:    elf_arrival_001, layout_geoelf_octagon, serial_shops, shop,
          nicolae_shop_rolling_square, minmay_elf_annihilation
Elf:2:    nicolae_elf_blades_crystal_corner, layout_geoelf_octagon
Elf:3:    minmay_elf_hall_statues, layout_loops_corners, uniq_donald
Abyss:4:  base: D:10, hangedman_grunt_abyss_rune_horror_hoard, minivault_20,
          base: Crypt:1, hangedman_elemental_corridor, base:
Crypt:1

Skill      XL: |  1  2  3  4  5  6  7  8  9 10 11 12 13 14 15 16 17 18 |
---------------+-------------------------------------------------------+-----
Fighting       | 4 5 7 8 9 12 15 17 19 20 22 | 22.8
Axes           | 3 4 5 7 8 10 14 16 18 | 18.0
Armour         | 4 5 6 7 8 10 11 12 14 15 16 17 18 | 18.7
Shields        | 4 5 6 7 8 10 11 13 14 15 16 18 | 18.2
Invocations    | 2 5 6 8 9 11 12 13 14 | 14.6
Throwing       | 4 |  4.0

Action                     |  1- 3 |  4- 6 |  7- 9 | 10-12 | 13-15 | 16-18 | 19-21 || total
---------------------------+-------+-------+-------+-------+-------+-------+-------++-------
  Melee: War axe           |    39 |   112 |   230 |   190 |       |   231 |    85 ||   887
         Headbutt          |     1 |    16 |    44 |    68 |   136 |   258 |    35 ||   558
         Broad axe         |       |       |       |   189 |   604 |   740 |       ||  1533
  Throw: Dart              |     4 |    10 |     2 |     2 |       |       |       ||    18
         Javelin           |       |       |       |     2 |       |       |       ||     2
 Invoke: Heroism           |       |       |       |     6 |     6 |     6 |     1 ||    19
         Finesse           |       |       |       |       |     6 |     5 |     1 ||    12
    Use: Potion            |       |     4 |     2 |     3 |     3 |     4 |     4 ||    20
         Scroll            |       |       |     5 |     8 |    14 |    10 |       ||    37
   Stab: Confused          |       |       |       |     1 |     1 |       |       ||     2
         Distracted        |       |       |       |       |     1 |       |       ||     1
 Armour: Scale mail        |    17 |    45 |    77 |   177 |    69 |       |       ||   385
         Ring mail         |       |       |       |       |   283 |   384 |    13 ||   680
  Dodge: Dodged            |    19 |    33 |    60 |   135 |   220 |   250 |     7 ||   724
  Block: Buckler           |     8 |    13 |       |    32 |   295 |   161 |       ||   509
         Kite shield       |       |    18 |   105 |   149 |       |   400 |    26 ||   698
Riposte: Broad axe         |       |       |       |       |    64 |   108 |       ||   172
         War axe           |       |       |       |       |       |    44 |    10 ||    54

Table legend: (Time is in decaauts)
 A = Elapsed time spent in this place.
 B = Non-inter-level travel time spent in this place.
 C = Inter-level travel time spent in this place.
 D = Time resting spent in this place.
 E = Time spent auto-exploring this place.
 F = Levels seen in this place.
 G = Mean time per level.
                   A        B        C        D        E       F      G
               +--------+--------+--------+--------+--------+-----+--------+
         Total |  26944 |  25392 |   1552 |   3317 |  15947 |  36 |  748.4 |
       Dungeon |   9969 |   9260 |    709 |   1010 |   6467 |  12 |  830.8 |
        Temple |    106 |     89 |     17 |      0 |     47 |   1 |  106.0 |
          Lair |   5771 |   5409 |    362 |    731 |   3423 |   5 | 1154.2 |
         Swamp |   3745 |   3586 |    159 |    921 |   1668 |   4 |  936.2 |
   Spider Nest |   3353 |   3118 |    235 |     31 |   2221 |   4 |  838.2 |
  Orcish Mines |   1089 |   1060 |     29 |      0 |    840 |   2 |  544.5 |
   Elven Halls |   1794 |   1754 |     40 |    304 |   1059 |   3 |  598.0 |
         Abyss |    627 |    627 |      0 |    169 |     85 |   4 |  156.8 |
      Ice Cave |    485 |    485 |      0 |    149 |    134 |   1 |  485.0 |
               +--------+--------+--------+--------+--------+-----+--------+

Top non-repeatable levels by time:
  Lair:2: 1505 daAuts
     D:7: 1465 daAuts
  Lair:1: 1332 daAuts
     D:5: 1319 daAuts
  Lair:4: 1219 daAuts
     D:3: 1190 daAuts
  Lair:5: 1131 daAuts
 Swamp:4: 1129 daAuts
Spider:3: 1044 daAuts
   Elf:2: 1037 daAuts
 Swamp:2: 1015 daAuts
 Swamp:3: 997 daAuts
     D:8: 987 daAuts
Spider:4: 959 daAuts
     D:6: 804 daAuts
